 Dungeon Crawl Stone Soup version 0.29.0-13-gc9e81de378 (webtiles) character file.

Game seed: 4109235867314272352

321 bchevrier the Protected (level 6, 0/47 HPs)
             Began as a Gnoll Wanderer on Sept 8, 2022.
             Slain by a gnoll
             ... wielding a +0 halberd
              (1 damage)
             ... on level 3 of the Dungeon.
             The game lasted 00:09:55 (3128 turns).

bchevrier the Protected (Gnoll Wanderer)            Turns: 3128, Time: 00:09:56

Health: 0/47       AC: 11    Str: 14    XL:     6   Next: 46%
Magic:  0/11       EV:  3    Int: 10    God:
Gold:   176        SH: 13    Dex: 12    Spells: 12/12 levels left

rFire   . . .      SeeInvis .   j - +1 short sword (speed)
rCold   . . .      Faith    .   k - +0 tower shield
rNeg    . . .      Spirit   +   p - +0 chain mail
rPois   .          Reflect  .   (no helmet)
rElec   .          Harm     .   (no cloak)
rCorr   .          Rampage  .   (no gloves)
Will    .....                   (no boots)
Stlth   ..........              f - amulet of guardian spirit
HPRegen 0.15/turn               (no ring)
MPRegen 0.12/turn               (no ring)

@: hasted, very quick
A: fangs 1, strong nose, distributed training
a: no special abilities


You were on level 3 of the Dungeon.
You visited 1 branch of the dungeon, and saw 3 of its levels.

You collected 176 gold pieces.

Inventory:

Hand Weapons
 j - a +1 short sword of speed (weapon)
Missiles
 e - 3 poisoned darts (quivered)
Armour
 b - a +2 scale mail
 k - a +0 tower shield (worn)
 p - a +0 chain mail (worn)
Jewellery
 f - an amulet of guardian spirit (around neck)
Scrolls
 d - a scroll of blinking
 i - a scroll of amnesia {unknown}
 m - a scroll of noise {unknown}
 q - a scroll of immolation {unknown}
 r - a scroll of teleportation {unknown}
 t - a scroll of vulnerability {unknown}
Potions
 a - 2 potions of curing
 g - a potion of attraction {unknown}
 h - a potion of cancellation {unknown}
 s - a potion of degeneration


   Skills:
 + Level 3.3 Fighting
 + Level 2.0 Short Blades
 + Level 2.0 Long Blades
 + Level 2.0 Axes
 + Level 3.3 Maces & Flails
 + Level 2.0 Polearms
 + Level 2.0 Staves
 + Level 2.0 Ranged Weapons
 + Level 2.0 Throwing
 + Level 8.8 Armour
 + Level 2.0 Dodging
 + Level 3.1 Stealth
 + Level 5.0 Shields
 + Level 2.0 Unarmed Combat
 + Level 3.5 Spellcasting
 + Level 1.6 Conjurations
 + Level 1.6 Hexes
 + Level 1.6 Summonings
 + Level 1.6 Necromancy
 + Level 1.6 Translocations
 + Level 1.6 Transmutations
 + Level 1.6 Fire Magic
 + Level 1.6 Ice Magic
 + Level 1.6 Air Magic
 + Level 1.6 Earth Magic
 + Level 1.6 Poison Magic
 + Level 2.2 Invocations
 + Level 2.0 Evocations


You had 12 spell levels left.
You didn't know any spells.
Your spell library was empty.

Dungeon Overview and Level Annotations

Branches:
Dungeon (3/15)

Altars:
Ru
Wu Jian

Shops:
D:2 [


Innate Abilities, Weirdness & Mutations

You have very sharp teeth.
Your uncanny sense of smell can sniff out nearby items.
Your experience applies equally to all skills.


Message History

The gnoll completely misses you.
The gnoll hits you from afar with a +0 spear.
* * * LOW HITPOINT WARNING * * *
You hit the jackal.
You kill the jackal!
The gnoll hits you but does no damage. The gnoll barely misses you.
You closely miss the jackal. You bite the jackal.
The jackal is heavily wounded.
The jackal bites you but does no damage.
A gnoll comes into view. It is wielding a +0 whip.
You block the gnoll's attack.
A gnoll comes into view. It is wielding a +0 whip.
The gnoll barely misses you.
You closely miss the jackal.
The jackal is heavily wounded.
The jackal bites you.
* * * LOW HITPOINT WARNING * * *
You block the gnoll's attack. You block the jackal's attack.
You block the gnoll's attack. The gnoll barely misses you.
You hit the jackal.
The jackal is severely wounded.
The jackal bites you.
* * * LOW HITPOINT WARNING * * *
You block the gnoll's attack. x2
The gnoll hits you from afar with a +0 spear.
* * * LOW HITPOINT WARNING * * *
You hit the jackal.
The jackal is almost dead.
You block the jackal's attack.
The gnoll hits you from afar with a +0 spear.
* * * LOW HITPOINT WARNING * * *
You block the gnoll's attack.
The jackal bites you but does no damage.
You block the gnoll's attack.
You feel yourself speed up.
The gnoll shouts!
You hear a shout!
The gnoll hits you but does no damage. The jackal bites you.
* * * LOW HITPOINT WARNING * * *
The gnoll hits you from afar with a +0 halberd.
You die...

~~~~~~~~~
.........
.......
.........
.......
.########
...... .#
g...# .#
..g# .# .h#
.#
########gg#∆
.#
#.....@hgg#
##
#.######g.#
#.# ###∆ #.#
∆ #.# #.# ∆
## #.# ##.
#.# #.. #.#
#.#


You could see 6 gnolls and 2 jackals.

Vanquished Creatures
  A kobold brigand (D:3)
  A howler monkey (D:3)
  A hound (D:3)
  Terence (D:3)
  3 gnolls (D:3)
  6 adders (D:2)
  A worm (D:3)
  A dart slug (D:1)
  3 orcs (D:3)
  3 bats (D:1)
  6 endoplasms
  2 giant cockroaches
  7 goblins
  7 hobgoblins
  13 jackals
  5 kobolds
  2 quokkas
  6 ball pythons (D:1)
  3 frilled lizards
  6 rats
78 creatures vanquished.

Vanquished Creatures (others)
  2 plants (D:3)
2 creatures vanquished.

Grand Total: 80 creatures vanquished

Notes
Turn   | Place    | Note
-------+----------+-------------------------------------------
     0 | D:1      | bchevrier the Gnoll Wanderer began the quest for the Orb.
     0 | D:1      | bchevrier set off with the following items: a +0 mace, a +2
                  | scale mail, a +0 buckler, a scroll of blinking.
     0 | D:1      | Reached XP level 1. HP: 17/17 MP: 4/4
    73 | D:1      | Reached XP level 2. HP: 12/23 MP: 3/5
   491 | D:1      | Reached XP level 3. HP: 24/28 MP: 5/7
   777 | D:1      | Reached skill level 1 in Invocations
  1217 | D:2      | Reached skill level 1 in Short Blades
  1217 | D:2      | Reached skill level 1 in Long Blades
  1217 | D:2      | Reached skill level 1 in Axes
  1217 | D:2      | Reached skill level 1 in Polearms
  1217 | D:2      | Reached skill level 1 in Staves
  1217 | D:2      | Reached skill level 1 in Ranged Weapons
  1217 | D:2      | Reached skill level 1 in Throwing
  1217 | D:2      | Reached skill level 1 in Dodging
  1217 | D:2      | Reached skill level 1 in Unarmed Combat
  1217 | D:2      | Reached skill level 1 in Evocations
  1256 | D:2      | Reached XP level 4. HP: 34/34 MP: 8/8
  1318 | D:2      | Found Hotoxt's Antique Armour Shop.
  1352 | D:2      | Reached skill level 1 in Conjurations
  1352 | D:2      | Reached skill level 1 in Hexes
  1352 | D:2      | Reached skill level 1 in Summonings
  1352 | D:2      | Reached skill level 1 in Necromancy
  1352 | D:2      | Reached skill level 1 in Translocations
  1352 | D:2      | Reached skill level 1 in Transmutations
  1352 | D:2      | Reached skill level 1 in Fire Magic
  1352 | D:2      | Reached skill level 1 in Ice Magic
  1352 | D:2      | Reached skill level 1 in Air Magic
  1352 | D:2      | Reached skill level 1 in Earth Magic
  1352 | D:2      | Reached skill level 1 in Poison Magic
  2054 | D:3      | Reached XP level 5. HP: 38/40 MP: 7/9
  2411 | D:3      | Found a sacrificial altar of Ru.
  2584 | D:3      | Found an ornate altar of the Wu Jian Council.
  2589 | D:3      | Noticed Terence
  2609 | D:3      | Killed Terence
  2668 | D:3      | Reached XP level 6. HP: 27/47 MP: 7/11
  2773 | D:3      | Reached skill level 5 in Shields
  3128 | D:3      | HP: 1/47 [jackal (2)]
  3128 | D:3      | Slain by a gnoll

Illustrated notes

Levels and vault maps discovered:
D:1:      minmay_arrival_jagged, layout_loops_ring,
          chequers_hall_statues_wall_a, dreamdust_princess_corridor
D:2:      layout_basic, serial_shops, nicolae_shop_overgrown_old_shop,
          grunt_ministairs_12
D:3:      lemuel_castle_with_subvaults [lemuel_castle_interior_original],
          layout_basic, mainiacjoe_overflow_chevrons,
          nicolae_wu_jian_wuxing_cycle, nicolae_overflow_quartered_altars,
          gammafunk_ghost_cemetery, uniq_terence

Skill      XL: |  1  2  3  4  5  6 |
---------------+-------------------+-----
Invocations    | 1 2 |  2.2
Short Blades   | 1 2 |  2.0
Long Blades    | 1 2 |  2.0
Axes           | 1 2 |  2.0
Polearms       | 1 2 |  2.0
Staves         | 1 2 |  2.0
Ranged Weapons | 1 2 |  2.0
Throwing       | 1 2 |  2.0
Dodging        | 1 2 |  2.0
Unarmed Combat | 1 2 |  2.0
Evocations     | 1 2 |  2.0
Spellcasting   | 3 |  3.5
Conjurations   | 1 |  1.6
Hexes          | 1 |  1.6
Summonings     | 1 |  1.6
Necromancy     | 1 |  1.6
Translocations | 1 |  1.6
Transmutations | 1 |  1.6
Fire Magic     | 1 |  1.6
Ice Magic      | 1 |  1.6
Air Magic      | 1 |  1.6
Earth Magic    | 1 |  1.6
Poison Magic   | 1 |  1.6
Fighting       | 3 |  3.3
Maces & Flails | 3 |  3.3
Stealth        | 3 |  3.1
Shields        | 5 |  5.0
Armour         | |  8.8

Action                   |  1- 3 |  4- 6 || total
-------------------------+-------+-------++-------
Melee: Mace              |   122 |       ||   122
       Bite              |     8 |    29 ||    37
       Short sword       |    16 |   278 ||   294
Throw: Dart              |     5 |     3 ||     8
  Use: Potion            |       |     6 ||     6
       Scroll            |       |     3 ||     3
Armor: Scale mail        |   119 |    14 ||   133
       Chain mail        |       |   107 ||   107
Dodge: Dodged            |    74 |    38 ||   112
Block: Buckler           |    32 |       ||    32
       Tower shield      |    10 |   209 ||   219
